 Dungeon Crawl Stone Soup version 0.25.1-2-g60ff931df9 (webtiles) character file.

Game seed: 11688933697507550025

25 Chiseanne the Magician (level 2, 0/19 HPs)
             Began as a Demonspawn Wizard on Oct 25, 2020.
             Slain by a bat (1 damage)
             ... on level 1 of the Dungeon.
             The game lasted 00:00:54 (513 turns).

Chiseanne the Magician (Demonspawn Wizard)           Turns: 513, Time: 00:00:54

Health: 0/19       AC:  2    Str:  7    XL:     2   Next: 82%
Magic:  1/6        EV: 12    Int: 19    God:
Gold:   30         SH:  0    Dex: 11    Spells: 7/8 levels left

rFire    . . .     SeeInvis .   c - +0 whip
rCold    . . .     Gourm    .   (no shield)
rNeg     . . .     Faith    .   a - +0 robe
rPois    .         Spirit   .   b - +0 hat
rElec    .         Reflect  .   (no cloak)
rCorr    .         Harm     .   (no gloves)
MR       .....                  (no boots)
Stlth    +.........             (no amulet)
HPRegen  0.06/turn              (no ring)
MPRegen  0.10/turn              (no ring)

@: no status effects
A: hooves 1
a: no special abilities


You were on level 1 of the Dungeon.
You were not hungry.

You visited 1 branch of the dungeon, and saw 1 of its levels.

You collected 30 gold pieces.

Inventory:

Hand Weapons
 c - a +0 whip (weapon)
Missiles
 e - 22 bolts
 g - 22 stones (quivered)
 i - 11 poisoned darts
Armour
 a - a +0 robe (worn)
 b - a +0 hat (worn)
Scrolls
 h - a scroll of immolation {unknown}
 j - a scroll of identify {unknown}
Potions
 f - a potion of flight {unknown}
Comestibles
 d - 2 rations
 k - a chunk of flesh


   Skills:
 - Level 1.7 Dodging
 - Level 1.7 Stealth
 * Level 3.5 Spellcasting
 * Level 2.1 Conjurations
   Level 1.0 Summonings
   Level 0.8 Translocations


You had 7 spell levels left.
You knew the following spells:

 Your Spells              Type           Power        Failure   Level  Hunger
a - Magic Dart            Conj           ##..         6%          1    None

Your spell library contained the following spells:

 Spells                   Type           Power        Failure   Level  Hunger
 Call Imp                 Summ           #.......     14%         2    ##.....
 Blink                    Tloc           N/A          16%         2    ##.....
 Slow                     Hex            #.......     22%         2    ##.....
 Conjure Flame            Conj/Fire      #.......     28%         3    ###....
 Mephitic Cloud           Conj/Pois/Air  #.......     32%         3    ###....


Dungeon Overview and Level Annotations

Branches:
Dungeon (1/15)

Altars:


Innate Abilities, Weirdness & Mutations

You have large cloven feet.


Message History

Press: ? - help, Shift-Dir - straight line, f/p - giant cockroach
Aim: a giant cockroach (severely wounded)
The magic dart hits the giant cockroach.
You kill the giant cockroach!
A bat comes into view.
Things that are here:
a hobgoblin corpse; a jackal corpse x2
You butcher the hobgoblin corpse.
k - a chunk of flesh
Things that are here:
a hobgoblin skeleton; a jackal corpse x2
The bat closely misses you. The bat hits you but does no damage.
You hit the bat.
The bat is severely wounded.
The bat barely misses you. x2
You closely miss the bat. Your kick misses the bat.
The bat is moderately wounded.
The bat closely misses you. The bat hits you.
You die...

#### #.........# ....
#.........# .....
#.........# # .....
#.........#.# ......
#........##.#.##
......##...........#..
..#.....####.....###.#
........####.....#...####
.........÷b@............
..#.....####....##.#...####
. ####..##.........###....#
..g..#.................
......#............###.
........#............#
........#............#####
....)............###.....#
...........###.###.##


You could see a bat.

Vanquished Creatures
  A gnoll (D:1)
  A giant cockroach (D:1)
  A hobgoblin (D:1)
  4 jackals (D:1)
  2 bats (D:1)
  2 frilled lizards (D:1)
  2 kobolds (D:1)
  2 rats (D:1)
15 creatures vanquished.

Notes
Turn   | Place    | Note
-------+----------+-------------------------------------------
     0 | D:1      | Chiseanne the Demonspawn Wizard began the quest for the
                  | Orb.
     0 | D:1      | Reached XP level 1. HP: 13/13 MP: 4/4
   172 | D:1      | Gained mutation: You have large cloven feet. [demonic
                  | ancestry]
   172 | D:1      | Reached XP level 2. HP: 12/19 MP: 1/6
   513 | D:1      | Slain by a bat

Illustrated notes

Levels and vault maps discovered:
D:1:      sevenhm_arrival_forest_fort_large_4, layout_basic, minmay_pentomino_x2

Skill      XL: |  1  2 |
---------------+-------+-----
Conjurations   | 2 |  2.1
Dodging        | |  1.7
Stealth        | |  1.7
Spellcasting   | |  3.5
Summonings     | |  1.0
Translocations | |  0.8

Action                   || total
-------------------------++-------
Melee: Whip              ||    33
       Kick              ||     5
 Cast: Magic Dart        ||    26
Armor: Robe              ||     7
Dodge: Dodged            ||    26
